 Dungeon Crawl Stone Soup version 0.31-a0-1-g4198be8af4 (webtiles) character file.

Game seed: 8018841461900876374

3430 jt the Summoner (level 9, -10/67 HPs)
             Began as a Demigod Summoner on Apr 30, 2023.
             Shot with an arrow by a centaur (13 damage)
             ... on level 8 of the Dungeon.
             The game lasted 00:31:24 (8257 turns).

jt the Summoner (Demigod Summoner)                  Turns: 8257, Time: 00:31:25

Health: -10/67     AC:  3    Str: 13    XL:     9   Next: 48%
Magic:  19/22      EV: 13    Int: 25    God:
Gold:   462        SH:  0    Dex: 14    Spells: 7/20 levels left

rFire   + . .        K - +3 trident
rCold   . . .        (no shield)
rNeg    . . .        r - +1 robe of Negligence {rF+}
rPois   .            (no helmet)
rElec   .            (no cloak)
rCorr   .            (no gloves)
SInv    .            (no boots)
Will    .....        (no amulet)
Stlth   ++           L - ring of wizardry
HPRegen 0.31/turn    (no ring)
MPRegen 0.18/turn

%: wizardry (x1)
@: no status effects
A: high MP 1, forlorn, divine attributes
a: no special abilities


You were on level 8 of the Dungeon.
You visited 2 branches of the dungeon, and saw 9 of its levels.

You collected 527 gold pieces.
You spent 65 gold pieces at shops.

Inventory:

Hand Weapons
 a - a +2 short sword of flaming
 t - a +1 shortbow of flaming
 y - a +1 dagger of electrocution
 I - a +1 battleaxe of flaming
 J - a +5 halberd of freezing
 K - a +3 trident (weapon)
Missiles
 c - 2 poisoned darts
 i - 54 stones
 k - 10 javelins
 s - a boomerang
 B - 3 atropa-tipped darts
Armour
 o - the +0 chain mail of the Raven {rPois Dex+6}
   (You found it on level 2 of the Dungeon)

   Dex:       It affects your dexterity (+6).
   rPois:     It protects you from poison.
 r - the +1 robe of Negligence (worn) {rF+}
   (You found it on level 3 of the Dungeon)

   rF:        It protects you from fire.
 D - +0 steam dragon scales
Magical Staves
 l - a staff of conjuration
 x - a staff of earth
 E - a staff of fire
Jewellery
 L - a ring of wizardry (left hand)
Wands
 p - a wand of paralysis (10)
Scrolls
 e - 4 scrolls of teleportation
 j - a scroll of blinking
 n - 3 scrolls of fog
 q - 2 scrolls of enchant weapon
 v - 3 scrolls of vulnerability
 w - 2 scrolls of amnesia
 H - a scroll of enchant armour
Potions
 b - 2 potions of magic
 d - a potion of might
 f - a potion of mutation
 g - 2 potions of resistance
 h - a potion of cancellation
 m - a potion of curing
 u - a potion of heal wounds
 z - a potion of ambrosia {unknown}
 A - 3 potions of haste
 C - 2 potions of brilliance {unknown}
 F - a potion of lignification {unknown}
 G - a potion of flight {unknown}


   Skills:
 - Level 2.0 Fighting
 - Level 4.0 Dodging
 - Level 2.0 Stealth
 + Level 6.4 Spellcasting
 - Level 4.0 Hexes
 + Level 9.8 Summonings


You had 7 spell levels left.
You knew the following spells:

 Your Spells              Type           Power      Damage    Failure   Level
a - Summon Small Mammal   Summ           100%       N/A       1%          1
b - Call Imp              Summ           100%       N/A       1%          2
c - Call Canine Familiar  Summ           54%        N/A       1%          3
d - Summon Guardian Gole  Hex/Summ       42%        N/A       1%          3
e - Summon Lightning Spi  Summ/Air       32%        N/A       4%          4

Your spell library contained the following spells:

 Spells                   Type           Power      Damage    Failure   Level
 Foxfire                  Conj/Fire      32%        2x1d5     2%          1
 Magic Dart               Conj           32%        1d4       2%          1
 Sandblast                Erth           16%        2d6       2%          1
 Passwall                 Tmut/Erth      6%         N/A       4%          2
 Searing Ray              Conj           16%        2d5       4%          2
 Cause Fear               Hex            14%        N/A       6%          4
 Ignite Poison            Fire/Tmut/Pois 8%         N/A       9%          3
 Mephitic Cloud           Conj/Pois/Air  8%         N/A       9%          3
 Stone Arrow              Conj/Erth      16%        3d8       9%          3
 Volatile Blastmotes      Fire/Tloc      16%        2d11      9%          3
 Fulminant Prism          Conj/Hex       9%         3d6       12%         4
 Iskenderun's Mystic Bla  Conj/Tloc      8%         2d4       26%         4
 Lee's Rapid Deconstruct  Erth           4%         3d5*      58%         5
 Statue Form              Tmut/Erth      5%         N/A       98%         6
 Dragon Form              Tmut           4%         N/A       100%        7
 Dragon's Call            Summ           27%        N/A       100%        9


Dungeon Overview and Level Annotations

Branches:
Dungeon (8/15)             Temple (1/1) D:6
   Lair: D:8-11

Shops:
D:1 ?   D:6 :

Annotations:
D:8 Grum


Innate Abilities, Weirdness & Mutations

You have an increased reservoir of magic. (+10% MP)
You shall have no god before yourself.
Your divine heritage dramatically boosts your attributes as you level up.


Message History

Found 3 stones.
Your wolf closely misses something.
Your cerulean imp hits Grum with a +1 spear.
You hit something.
Your wolf bites something.
Grum hits your cerulean imp with a +0 halberd!
Something hits you. Something bites you.
Something draws strength from your injuries!
Your cerulean imp hits Grum with a +1 spear.
Your wolf bites something!
Grum completely misses your cerulean imp.
Something hits you. Something bites you.
Something draws strength from your injuries!
Press: ? - help, v - describe, . - travel The floor.
As you read the scroll of teleportation, it crumbles to dust.
You feel strangely unstable.
Your wolf bites something!
Your cerulean imp closely misses Grum.
Your wolf bites something.
You hear some strange, mumbled words.
Your wolf resists with significant effort.
Grum hits your cerulean imp with a +0 halberd!!
Your cerulean imp dies!
Your cerulean imp disappears in a puff of smoke!
You barely miss something.
Your wolf bites something.
Something hits you! Something bites you!
* * * LOW HITPOINT WARNING * * *
Something draws strength from your injuries!
Your wolf bites something but does no damage.
Your wolf bites something.
Something barely misses your wolf. Something misses your wolf.
Grum lets out an intimidating howl.
Your wolf bites something but does no damage.
Your wolf closely misses something.
Something hits your wolf! Something barely misses your wolf.
Your surroundings suddenly seem different.
A centaur comes into view.
The centaur shouts!
The centaur wields a +0 shortbow.
The centaur shoots an arrow.
The arrow hits you!
* * * LOW HITPOINT WARNING * * *
The centaur shoots an arrow.
The arrow hits you!
You die...

..#.....##....# .
###.....##.....# ..#
# ###....#......
##..# # #.#.........
.....#
#....#.#....###......
##.#.................
.#........#.....#
...##......#.#
.......@.###
..####.........
....####.#. .....c#
......... .........
......... #######...


You could see a centaur.

Vanquished Creatures
  A steam dragon (D:7)
  A bullfrog (D:6)
  A water moccasin zombie (D:4)
  2 howler monkeys
  2 hounds
  An orc priest (D:5)
  A centaur skeleton (D:4)
  A hound zombie (D:5)
  A white imp (D:7)
  3 dart slugs
  3 orcs
  4 ball pythons
  2 endoplasms
  2 giant cockroaches
  2 hobgoblins
  A jackal (D:3)
  A kobold (D:1)
  A quokka (D:1)
  2 bats
  2 frilled lizards
  2 goblins
  3 rats
39 creatures vanquished.

Vanquished Creatures (collateral kills)
  The ghost of steph the Cudgeller, an amateur MiFi of Okawaru (D:5)
  2 steam dragons
  A yak (D:7)
  A water moccasin (D:7)
  An ice beast (D:6)
  3 black bears
  2 sky beasts (D:6)
  2 ogres
  A centaur (D:7)
  Blork the orc (D:5)
  2 scorpions
  A wight (D:7)
  A howler monkey (D:7)
  A bullfrog zombie (D:4)
  An orc priest (D:4)
  A bullfrog skeleton (D:4)
  A jelly (D:5)
  2 sleepcaps
  An iguana (D:5)
  7 orc wizards
  A killer bee zombie (D:5)
  8 adders
  2 white imps
  An ufetubus (D:3)
  2 worms
  29 orcs
  A giant cockroach (D:1)
  3 hobgoblins (D:3)
  5 jackals
  5 kobolds
  A quokka (D:2)
  2 ball pythons
  A frilled lizard (D:1)
  A rat (D:1)
95 creatures vanquished.

Vanquished Creatures (others)
  The ghost of Turgor the Cudgeller, an amateur AtFi (D:4)
  An orc warrior (D:6)
  7 wights
  5 plants (D:4)
14 creatures vanquished.

Grand Total: 148 creatures vanquished

Notes
Turn   | Place    | Note
-------+----------+-------------------------------------------
     0 | D:1      | jt the Demigod Summoner began the quest for the Orb.
     0 | D:1      | Reached XP level 1. HP: 14/14 MP: 5/5
   417 | D:1      | Reached XP level 2. HP: 20/20 MP: 5/7
   426 | D:1      | Learned a level 2 spell: Call Imp
   430 | D:1      | Found The Oracle's Delphic Readings.
   463 | D:1      | Bought a scroll of teleportation for 39 gold pieces
   463 | D:1      | Bought a scroll of identify for 26 gold pieces
   585 | D:2      | Reached skill level 4 in Summonings
   773 | D:2      | Identified the +0 chain mail of the Raven {rPois Dex+6}
   790 | D:2      | Reached XP level 3. HP: 25/26 MP: 4/9
  1277 | D:3      | Learned a level 3 spell: Call Canine Familiar
  1500 | D:3      | Reached XP level 4. HP: 25/33 MP: 2/11
  2426 | D:3      | Identified the +1 robe of Negligence {rF+}
  2571 | D:4      | Noticed a black bear
  2589 | D:4      | Killed a black bear
  2590 | D:4      | Reached skill level 5 in Summonings
  2590 | D:4      | Reached XP level 5. HP: 15/38 MP: 0/13
  2861 | D:4      | Reached skill level 1 in Fighting
  2869 | D:4      | Reached XP level 6. HP: 25/48 MP: 8/14
  3136 | D:4      | Learned a level 3 spell: Summon Guardian Golem
  3231 | D:4      | Found a transporter.
  3234 | D:4      | Found a transporter.
  3235 | D:4      | Noticed Turgor's ghost (amateur AtFi)
  3403 | D:5      | Entered Level 5 of the Dungeon
  3403 | D:5      | Noticed Blork the orc
  3419 | D:5      | Killed Blork the orc
  3537 | D:5      | Reached skill level 1 in Hexes
  3767 | D:5      | Reached XP level 7. HP: 55/55 MP: 6/15
  4390 | D:5      | Found a runed translucent gate.
  4390 | D:5      | Found a runed translucent gate.
  4390 | D:5      | Found a runed translucent gate.
  4390 | D:5      | Noticed steph's ghost (amateur MiFi)
  4583 | D:5      | Reached skill level 6 in Summonings
  4864 | D:5      | Killed steph's ghost
  5020 | D:4      | Reached XP level 8. HP: 47/61 MP: 5/17
  5038 | D:4      | Reached skill level 7 in Summonings
  5423 | D:4      | Killed Turgor's ghost
  5440 | D:4      | Reached skill level 8 in Summonings
  5623 | D:6      | Found a staircase to the Ecumenical Temple.
  5634 | Temple   | Entered the Ecumenical Temple
  5833 | D:6      | Found Aweef's Book Shoppe.
  5885 | D:6      | Got the Directory of Fire and Lithomancy
  6374 | D:6      | Reached skill level 5 in Spellcasting
  6659 | D:6      | Reached XP level 9. HP: 67/67 MP: 13/20
  7118 | D:7      | Reached skill level 9 in Summonings
  8239 | D:8      | Learned a level 4 spell: Summon Lightning Spire
  8242 | D:8      | Noticed Grum
  8256 | D:8      | HP: 2/67 [centaur/arrow (11)]
  8257 | D:8      | Shot with an arrow by a centaur

Illustrated notes

Levels and vault maps discovered:
D:1:      psy_arrival_conway, layout_rooms, nicolae_nh_oracle_at_delphi
D:2:      layout_basic
D:3:      layout_loops_corners, nicolae_tso_carved_into_rock
D:4:      layout_basic, gammafunk_ghost_mausoleum, serial_bayou,
          serial_bayou_lagoon_a, serial_bayou_shore_b, serial_bayou_pond_d,
          serial_bayou_pond_d
D:5:      layout_loops_ring, nicolae_yredelemnul_ghost_church,
          nicolae_overflow_two_pavilions, uniq_blork_the_orc
D:6:      layout_basic, minmay_temple_entry_antechambers, serial_shops,
          nicolae_diamond_shop, reono_crystal_passage
D:7:      cheibrodos_helix_gallery, layout_rooms, st_stairs_14
D:8:      layout_rooms, nicolae_ashenzari_skybound, serial_ice, serial_ice_j,
          serial_ice_c, serial_ice_d, serial_ice_e, serial_ice_f, serial_ice_h,
          serial_ice_a, serial_ice_o, serial_ice_n, serial_ice_g, uniq_grum
Temple:   sentei_temple_godly_chess

Skill      XL: |  1  2  3  4  5  6  7  8  9 |
---------------+----------------------------+-----
Spellcasting   | 2 3 5 6 |  6.4
Summonings     | 4 5 6 8 9 |  9.8
Stealth        | 2 |  2.0
Fighting       | 2 |  2.0
Dodging        | 3 4 |  4.0
Hexes          | 1 3 4 |  4.0

Action                     |  1- 3 |  4- 6 |  7- 9 || total
---------------------------+-------+-------+-------++-------
  Melee: Spear             |    97 |     8 |    36 ||   141
         Unarmed           |     2 |       |       ||     2
         Punch             |     1 |       |     3 ||     4
         Short sword       |       |    65 |    39 ||   104
         Dagger            |       |       |    20 ||    20
         Trident           |       |       |     8 ||     8
  Throw: Javelin           |     1 |     1 |       ||     2
   Cast: Summon Small Mamm |    19 |    14 |     9 ||    42
         Call Imp          |     9 |    16 |    25 ||    50
         Call Canine Famil |       |    19 |    36 ||    55
         Summon Guardian G |       |       |    22 ||    22
    Use: Scroll            |     3 |     7 |     3 ||    13
         Potion            |     1 |       |       ||     1
   Stab: Sleeping          |     3 |     4 |     1 ||     8
         Distracted        |     1 |       |     1 ||     2
 Armour: Robe              |    14 |    10 |    12 ||    36
  Dodge: Dodged            |    67 |    44 |    69 ||   180

Table legend: (Time is in decaauts)
 A = Elapsed time spent in this place.
 B = Non-inter-level travel time spent in this place.
 C = Inter-level travel time spent in this place.
 D = Time resting spent in this place.
 E = Time spent auto-exploring this place.
 F = Levels seen in this place.
 G = Mean time per level.
                   A        B        C        D        E       F      G
               +--------+--------+--------+--------+--------+-----+--------+
         Total |   8287 |   8089 |    198 |   2013 |   3539 |   9 |  920.8 |
       Dungeon |   8271 |   8080 |    191 |   2013 |   3539 |   8 | 1033.9 |
        Temple |     15 |      8 |      7 |      0 |      0 |   1 |   15.0 |
               +--------+--------+--------+--------+--------+-----+--------+

Top non-repeatable levels by time:
     D:6: 1675 daAuts
     D:5: 1581 daAuts
     D:3: 1474 daAuts
     D:4: 1320 daAuts
     D:7: 984 daAuts
     D:2: 618 daAuts
     D:1: 560 daAuts
     D:8: 56 daAuts
  Temple: 15 daAuts
